 Dungeon Crawl Stone Soup version 0.29.0-15-g675c0067aa (webtiles) character file.

Game seed: 1634278621215138474

461049 Flure the Ninja (level 25, -6/181 HPs)
             Began as a Kobold Brigand on Sept 8, 2022.
             Was the Champion of Dithmenos.
             Mangled by a rockslime (39 damage)
             ... on level 5 of the Pits of Slime on Sept 11, 2022.
             The game lasted 02:55:10 (53794 turns).

Flure the Ninja (Kobold Brigand)                   Turns: 53794, Time: 02:55:10

Health: -6/181     AC: 13    Str: 12    XL:     25   Next: 70%
Magic:  15/30      EV: 30    Int: 14    God:    Dithmenos [******]
Gold:   812        SH:  9    Dex: 21    Spells: 30/32 levels left

rFire   + + +      SeeInvis +   q - +9 quick blade (elec)
rCold   . . .      Faith    +   s - +0 buckler
rNeg    . . .      Spirit   .   Y - +4 troll leather armour {Snorg}
rPois   .          Reflect  .   y - +0 hat {Will+}
rElec   +          Harm     .   A - scarf {+Inv}
rCorr   +          Rampage  .   p - +2 pair of gloves {Dex+3}
Will    +++..                   V - +1 pair of boots of Vanity {Will+} Stlth #*********
                                c - amulet of Irocs {Faith rElec Will+ rCorr}
HPRegen 1.20/turn               i - ring of Dykhlef {rF+++ Will- rCorr Dex-3 SInv}
MPRegen 0.22/turn               h - +4 ring of slaying

@: wreathed by umbra, studying 2 skills
A: small, no large weapons, nightstalker 3, clumsy 1
}: 2/15 runes: barnacled, gossamer
a: Renounce Religion, Evoke Invisibility, Shadow Step, Shadow Form


You were on level 5 of the Pits of Slime.
You worshipped Dithmenos.
Dithmenos was exalted by your worship.
You visited 10 branches of the dungeon, and saw 47 of its levels.
You also visited: Sewer, Ossuary, Gauntlet and Ice Cave.

You collected 5011 gold pieces.
You spent 4199 gold pieces at shops.

Inventory:

Hand Weapons
 q - a +9 quick blade of electrocution (weapon)
 w - a +5 rapier of speed
Missiles
 b - 43 boomerangs
 d - 5 silver boomerangs (quivered)
 e - 15 curare-tipped darts
 k - 13 throwing nets
 r - 8 poisoned darts
 E - 12 boomerangs of dispersal
 L - 3 datura-tipped darts
 T - 4 atropa-tipped darts
Armour
 n - the +1 pair of gloves "Saocw" {Fly rPois rF++ Dex-2}
   (You acquired it on level 2 of the Elven Halls)

   Dex:       It affects your dexterity (-2).
   rF:        It greatly protects you from fire.
   rPois:     It protects you from poison.
   Fly:       It grants you flight.
 p - a +2 pair of gloves of dexterity (worn)
 s - a +0 buckler (worn)
 y - a +0 hat of willpower (worn)
 A - a scarf of invisibility (worn)
 M - the +18 shield of the Gong {rElec rN+ Will+ EV-5}
   (You found it on level 3 of the Vaults)

   It is deafeningly noisy when blocking attacks.
   EV:        It affects your evasion (-5).
   rElec:     It insulates you from electricity.
   rN:        It protects you from negative energy.
   Will:      It increases your willpower.
 V - the +1 pair of boots of Vanity (worn) {Will+}
   (You found it in a Gauntlet)

   Will:      It increases your willpower.
 Y - a +4 troll leather armour (worn) {Snorg}
Jewellery
 c - the amulet of Irocs (around neck) {Faith rElec Will+ rCorr}
   (You bought it in a shop on level 2 of the Orcish Mines)

   [amulet of faith]

   It allows you to gain divine favour quickly.
   rElec:     It insulates you from electricity.
   rCorr:     It protects you from acid and corrosion.
   Will:      It increases your willpower.
 h - a +4 ring of slaying (right hand)
 i - the ring of Dykhlef (left hand) {rF+++ Will- rCorr Dex-3 SInv}
   (You found it on level 3 of the Depths)

   [ring of see invisible]

   Dex:       It affects your dexterity (-3).
   rF:        It renders you almost immune to fire.
   SInv:      It lets you see invisible.
   rCorr:     It protects you from acid and corrosion.
   Will:      It decreases your willpower.
 j - the ring "Riovinuc" {rF+ rCorr Str-5 Dex+4 SInv}
   (You took it off a minotaur in a Gauntlet)

   [ring of see invisible]

   Str:       It affects your strength (-5).
   Dex:       It affects your dexterity (+4).
   rF:        It protects you from fire.
   SInv:      It lets you see invisible.
   rCorr:     It protects you from acid and corrosion.
 F - the ring of Eshrefret {*Slow rPois Str+6 Dex+10}
   (You acquired it on level 1 of the Vaults)

   [ring of strength]

   Str:       It affects your strength (+6).
   Dex:       It affects your dexterity (+10).
   rPois:     It protects you from poison.
   *Slow:     It may slow you when you take damage.
Wands
 x - a wand of mindburst (14)
 N - a wand of paralysis (26)
 O - a wand of acid (19)
 W - a wand of digging (11)
 X - a wand of roots (6)
Scrolls
 f - 5 scrolls of fear
 o - 9 scrolls of teleportation
 t - 2 scrolls of enchant armour
 u - 6 scrolls of blinking
 v - 4 scrolls of summoning
 D - a scroll of silence
 J - 7 scrolls of magic mapping
 K - 8 scrolls of fog
Potions
 g - 2 potions of magic
 l - 20 potions of curing
 m - 5 potions of resistance
 z - 5 potions of haste
 B - 7 potions of might
 G - 2 potions of berserk rage
 H - a potion of mutation
 I - 2 potions of heal wounds
 Q - 9 potions of cancellation
 R - 2 potions of invisibility
 Z - 16 potions of ambrosia
Miscellaneous
 a - a lightning rod (4/4)
 C - a phantom mirror
 P - a condenser vane (inert)
 S - a phial of floods
 U - a tin of tremorstones (1/2)


   Skills:
 - Level 25.0 Fighting
 - Level 12.0 Short Blades
 - Level 9.0 Throwing
 - Level 20.0 Dodging
 O Level 27 Stealth
 + Level 11.5 Shields
 - Level 4.0 Spellcasting
 - Level 7.0 Transmutations
 - Level 8.0 Earth Magic
 + Level 9.4 Invocations
 - Level 20.1 Evocations


You had 30 spell levels left.
You knew the following spells:

 Your Spells              Type           Power      Damage    Failure   Level
a - Passwall              Tmut/Erth      19%        N/A       2%          2

Your spell library contained the following spells:

 Spells                   Type           Power      Damage    Failure   Level
 Sandblast                Erth           50%        2d12      1%          1
 Petrify                  Tmut/Erth      23%        N/A       14%         4
 Stone Arrow              Conj/Erth      28%        3d8       19%         3
 Spider Form              Tmut/Pois      12%        N/A       22%         3
 Apportation              Tloc           4%         N/A       32%         1
 Magic Dart               Conj           8%         1d3       32%         1
 Necrotise                Necr           8%         1d4       32%         1
 Slow                     Hex            8%         N/A       32%         1
 Summon Small Mammal      Summ           8%         N/A       32%         1
 Blink                    Tloc           4%         N/A       43%         2
 Call Imp                 Summ           2%         N/A       43%         2
 Ensorcelled Hibernation  Hex/Ice        4%         N/A       43%         2
 Searing Ray              Conj           4%         2d4       43%         2
 Sublimation of Blood     Necr           2%         N/A       43%         2
 Blade Hands              Tmut           11%        N/A       45%         5
 Ice Form                 Ice/Tmut       12%        N/A       58%         4
 Call Canine Familiar     Summ           2%         N/A       67%         3
 Confusing Touch          Hex            2%         N/A       67%         3
 Dazzling Flash           Conj/Hex       4%         N/A       67%         3
 Frozen Ramparts          Ice            4%         1d1       67%         3
 Mephitic Cloud           Conj/Pois/Air  2%         N/A       67%         3
 Summon Guardian Golem    Hex/Summ       2%         N/A       67%         3
 Tukima's Dance           Hex            2%         N/A       67%         3
 Vampiric Draining        Necr           2%         2d6       67%         3
 Borgnjor's Vile Clutch   Necr/Erth      7%         N/A       86%         5
 Alistair's Intoxication  Tmut/Pois      8%         N/A       91%         5
 Irradiate                Conj/Tmut      6%         3d13      91%         5
 Yara's Violent Unravell  Hex/Tmut       6%         3d5       91%         5
 Statue Form              Tmut/Erth      15%        N/A       92%         6
 Airstrike                Air            1%         2d(1-17)  97%         4
 Anguish                  Hex/Necr       1%         N/A       97%         4
 Animate Dead             Necr           2%         N/A       97%         4
 Corpse Rot               Necr/Pois/Air  2%         N/A       97%         4
 Fulminant Prism          Conj/Hex       1%         3d6       97%         4
 Passage of Golubria      Tloc           2%         N/A       97%         4
 Summon Ice Beast         Ice/Summ       2%         N/A       97%         4
 Summon Lightning Spire   Summ/Air       2%         N/A       97%         4
 Agony                    Necr           2%         N/A       100%        5
 Fireball                 Conj/Fire      1%         3d3       100%        5
 Freezing Cloud           Conj/Ice/Air   1%         6-21      100%        5
 Lightning Bolt           Conj/Air       1%         1d12      100%        5
 Manifold Assault         Tloc           2%         N/A       100%        5
 Silence                  Hex/Air        1%         N/A       100%        5
 Summon Forest            Summ/Tloc      1%         N/A       100%        5
 Summon Mana Viper        Hex/Summ       2%         N/A       100%        5
 Conjure Ball Lightning   Conj/Air       1%         3x3d6     100%        6
 Death Channel            Necr           1%         N/A       100%        6
 Dispersal                Tloc           1%         N/A       100%        6
 Eringya's Noxious Bog    Tmut/Pois      6%         N/A       100%        6
 Starburst                Conj/Fire      1%         6d3       100%        6
 Summon Cactus Giant      Summ           1%         N/A       100%        6
 Dragon Form              Tmut           11%        N/A       100%        7
 Enfeeble                 Hex            1%         N/A       100%        7
 Storm Form               Tmut/Air       6%         N/A       100%        7
 Summon Hydra             Summ           1%         N/A       100%        7
 Discord                  Hex            1%         N/A       100%        8
 Disjunction              Tloc           1%         N/A       100%        8
 Ignition                 Fire           1%         3d3       100%        8
 Lehudib's Crystal Spear  Conj/Erth      7%         10d3      100%        8
 Maxwell's Capacitive Co  Air            1%         ∞         100%        8
 Polar Vortex             Ice            1%         N/A       100%        9
 Shatter                  Erth           12%        3d13*     100%        9


Dungeon Overview and Level Annotations

Branches:
Dungeon (15/15)            Temple (1/1) D:4            Lair (5/5) D:9
 Shoals (4/4) Lair:2       Spider (4/4) Lair:3        Slime (5/5) Lair:4
    Orc (2/2) D:12            Elf (3/3) Orc:2        Vaults (4/5) D:14
  Crypt (0/3) Vaults:3     Depths (4/4) D:15            Zot (0/5) Depths:4
  Sewer (visited)         Ossuary (visited)           IceCv (visited)
Gauntlet (visited)

Altars:
Ashenzari
Dithmenos
Elyvilon
Fedhas
Gozag
Hepliaklqana
Kikubaaqudgha
Makhleb
Nemelex Xobeh
Okawaru
Ru
Sif Muna
Trog
Vehumet
Wu Jian
Yredelemnul
Zin
The Shining One
Jiyva

Shops:
D:2 (   D:4 (   D:6 [   D:11 *   D:13 [   Orc:2 [*[=:   Elf:2 !?!(   Shoals:1 [
Vaults:3 [?*   Depths:3 (

Portals:
Hell: Depths:1 Depths:2 Depths:3 Depths:4
Abyss: Depths:3
Pandemonium: Depths:2
Ziggurat: Depths:3


Innate Abilities, Weirdness & Mutations

You are small and have problems with some larger weapons.
You are completely attuned to the shadows.
You are clumsy. (Dex -2)


Message History

Unknown command.
Unknown command.
Unknown command.
The azure jelly attacks as you move away!
The azure jelly completely misses you. The azure jelly hits you.
The azure jelly freezes you!!! You block the azure jelly's attack.
The azure jelly misses you.
The quicksilver ooze attacks as you move away!
The quicksilver ooze completely misses you.
The quicksilver ooze hits you.
* * * LOW HITPOINT WARNING * * *
You feel your power leaking away.
The quicksilver ooze is engulfed in freezing vapours.
The azure jelly is engulfed in freezing vapours.
You kill the azure jelly!
That felt strangely unrewarding.
The great orb of eyes is engulfed in freezing vapours.
The quicksilver ooze is engulfed in freezing vapours.
The quicksilver ooze hits you. The quicksilver ooze engulfs you!
The quicksilver ooze completely misses you.
You see here the +0 troll leather armour "Lotu" {Regen+ Stlth+}.
You slip free of the ooze engulfing you.
The rockslime attacks as you move away! The rockslime completely misses you.
You gasp with relief as air once again reaches your lungs.
The acid blob is engulfed in freezing vapours.
The quicksilver ooze is engulfed in freezing vapours.
You kill the quicksilver ooze!
Dithmenos accepts your kill. You block the rockslime's attack.
The rockslime is engulfed in freezing vapours.
The rockslime hits you!!!
* * * LOW HITPOINT WARNING * * *
You emit a cloud of dark smoke.
You stumble backwards!
You see here a potion of flight.
Blink to where?
Press: ? - help, Dir - move target
Found a book of the Dragon and a potion of degeneration.
As you read the scroll of blinking, it crumbles to dust.
You feel much better. The rockslime hits you!!!
You die...

.......... ...................#
................................#
.................................
.................................
..............................^..
.......#.# #.....................
......## ###.####................
.....## #..##§###..............
.....# [ #.##§§@##... .........
...### =$##..##§J§## ........
...# |[?....§§§J!# ....... ..##
)$....J.JJ§§# ....... ...#
(.|J..GJ.[J## .......
...#####..J..GJJ.## ......
..##...#...J....... ..... .....#
J..J.......#J .... ...###
...J.....## ........


You could see 2 rockslimes.

Vanquished Creatures
  the Royal Jelly (Slime:5)
  Mara (Depths:2)
  Sojobo (Vaults:4)
  Boris (Vaults:3)
  Margery (Vaults:3)
  Frederick (Vaults:2)
  A caustic shrike (Depths:2)
  4 golden dragons
  Rupert (Spider:1)
  Jorgrun (Elf:1)
  A tentacled monstrosity (Depths:4)
  Asterion (Vaults:3)
  3 liches
  Zenata (Vaults:3)
  6 deep elf blademasters
  A walking earthen tome (Depths:2)
  A walking frostbound tome (Depths:2)
  A titan (Vaults:4)
  12 acid blobs
  3 deep elf master archers (Elf:3)
  2 walking divine tomes
  Frances (D:13)
  The ghost of Xuutinte the Slayer, an adept MiBe of Trog (Spider:3)
  2 krakens (Shoals:2)
  2 sphinxes
  2 shadow dragons (Depths:3)
  Agnes (Spider:4)
  Kirke (Shoals:3)
  Roxanne (D:14)
  3 tengu reavers (Vaults:4)
  2 storm dragons
  6 azure jellies
  8 vault wardens
  4 rockslimes
  5 deep elf sorcerers (Elf:3)
  2 iron dragons (Depths:2)
  10 frost giants
  9 fire giants
  A draconian stormcaller (Depths:4)
  2 deep elf elementalists (Elf:3)
  7 emperor scorpions
  6 ghost moths
  10 ironbound preservers
  4 war gargoyles
  2 broodmothers
  12 quicksilver oozes
  4 ironbound thunderhulks
  12 very ugly things
  3 spriggan defenders
  10 stone giants
  Nessos (D:14)
  3 vampire knights
  A green draconian (Depths:4)
  2 yellow draconians (Depths:4)
  4 deep elf annihilators (Elf:3)
  A purple draconian (Depths:4)
  A minotaur (Gauntlet)
  Azrael (D:14)
  4 entropy weavers
  2 red draconians (Depths:4)
  12 dire elephants
  5 spark wasps
  5 deep elf demonologists
  8 deep elf death magi
  5 ettins
  A blizzard demon (Gauntlet)
  5 merfolk javelineers (Shoals:4)
  Snorg (D:12)
  22 merfolk impalers
  A crystal guardian (Vaults:4)
  2 deep elf high priests
  9 fire dragons
  2 hell beasts (Depths:1)
  11 great orbs of eyes
  3 ice dragons
  2 caustic shrike simulacra (IceCv)
  6 yaktaur captains
  Erolcha (D:13)
  3 vault guards (Vaults:4)
  An ogre mage (D:15)
  2 spriggan air magi
  3 rakshasas
  3 radroaches
  10 boulder beetles
  A jorogumo (Spider:4)
  2 peacekeepers
  An alligator snapping turtle (Shoals:4)
  6 ironbound frosthearts
  A two-headed ogre (shapeshifter) (Depths:2)
  11 centaur warriors
  7 hydras
  4 merfolk avatars
  6 deep troll shamans
  24 dancing weapons
  6 merfolk aquamancers
  7 two-headed ogres
  2 satyrs (Shoals:3)
  5 tengu warriors
  3 vampire magi
  8 deep troll earth magi
  A death scarab (Gauntlet)
  5 orc high priests (Orc:2)
  12 spriggan berserkers
  4 hell hogs (Depths:1)
  16 hell knights
  3 soul eaters
  Sonja (Lair:4)
  19 deep elf knights
  2 sun demons (Depths:1)
  2 pharaoh ants
  5 iron trolls
  12 sea snakes
  7 glowing orange brains
  6 skeletal warriors (D:15)
  9 orb spiders
  8 wizards
  53 deep trolls
  2 lindwurms (Vaults:2)
  A steelbarb worm (Spider:1)
  2 flayed ghosts
  A lindwurm (shapeshifter) (Vaults:4)
  A kraken simulacrum (Shoals:4)
  18 harpies
  2 orange crystal statues (IceCv)
  A phantasmal warrior (Vaults:3)
  14 orc knights
  20 ironbound convokers
  7 necromancers
  37 deep elf pyromancers
  13 deep elf archers
  18 deep elf zephyrmancers
  A salamander (shapeshifter) (D:15)
  26 ugly things
  4 shining eyes
  11 fauns
  A fire giant zombie (D:15)
  26 wolf spiders
  An oklob plant (Lair:3)
  A tengu skeleton (D:15)
  6 cyclopes
  A frost giant skeleton (D:15)
  11 manticores
  10 vault sentinels
  21 elephants
  3 black mambas
  2 eyes of devastation (Slime:5)
  4 moths of wrath
  9 merfolk sirens
  9 water nymphs
  6 torpor snails
  2 smoke demons (Depths:1)
  A cane toad (shapeshifter) (D:14)
  2 hellions (Depths:1)
  3 rime drakes
  A gargoyle (D:12)
  6 komodo dragons
  2 unseen horrors (D:12)
  9 cane toads
  9 demonic crawlers
  A spriggan skeleton (D:15)
  5 freezing wraiths (IceCv)
  An efreet (D:14)
  25 yaktaurs
  An anaconda simulacrum (IceCv)
  3 golden dragon simulacra (IceCv)
  7 tengu conjurers
  10 trolls
  A troll (shapeshifter) (D:14)
  3 polar bears
  31 merfolk
  3 meliai (Lair:4)
  14 hornets
  Prince Ribbit (D:7)
  19 blink frogs
  85 slime creatures
  A queen bee (Lair:4)
  25 tarantellas
  4 large abominations (Elf:1)
  7 wind drakes
  10 dream sheep
  10 snapping turtles
  A shadow (D:10)
  3 air elementals
  20 jumping spiders
  18 culicivoras
  A vampire (D:10)
  4 wraiths
  Sigmund (D:3)
  4 wyverns
  21 spriggans
  38 yaks
  9 water elementals
  19 golden eyes
  3 basilisks
  A steam dragon (D:9)
  A yak (shapeshifter) (D:14)
  6 fire elementals
  50 redbacks
  6 vampire mosquitoes
  2 wargs
  Menkaure (D:6)
  2 harpy simulacra (IceCv)
  An acid dragon (D:11)
  4 hell hounds (D:14)
  A hydra simulacrum (IceCv)
  17 water moccasins
  A hornet zombie (Ossuary)
  A spectral torpor snail (Gauntlet)
  4 black bears
  4 sky beasts
  An ettin simulacrum (IceCv)
  45 orc warriors
  2 alligator simulacra (IceCv)
  11 centaurs
  11 ogres
  3 boggarts (Lair:5)
  21 wolves
  4 phantoms
  3 elf zombies (Elf:1)
  3 kobold brigands (Sewer)
  The ghost of testlala the Ducker, an amateur FeWr (D:4)
  12 bullfrogs
  A necrophage (D:5)
  5 wyvern zombies (Ossuary)
  An earth elemental (Elf:1)
  A water moccasin zombie (Ossuary)
  3 lindwurm simulacra (IceCv)
  16 killer bees (Lair:4)
  3 electric eels
  8 howler monkeys
  6 centaur zombies (Ossuary)
  3 jellies
  4 bullfrog zombies (Ossuary)
  37 orc priests
  3 hounds
  5 iguanas
  28 orc wizards
  3 killer bee zombies (Ossuary)
  A boggart simulacrum (D:15)
  12 mummies (Ossuary)
  4 howler monkey zombies (Ossuary)
  3 gnolls (D:6)
  11 adders
  5 river rats (Sewer)
  6 shadow imps
  3 white imps
  3 ufetubi
  4 worms
  4 dart slugs
  87 orcs
  13 ball pythons
  10 endoplasms
  2 giant cockroaches
  10 goblins
  14 hobgoblins
  3 jackals (D:5)
  12 bats
  4 frilled lizards
  9 kobolds
  7 rats
  A butterfly (Lair:5)
  A tentacle (Shoals:2)
1889 creatures vanquished.

Vanquished Creatures (others)
  A draconian stormcaller (Depths:4)
  A jorogumo (Spider:2)
  A deep elf zephyrmancer (Elf:2)
  A water elemental (Shoals:4)
  2 humans (Shoals:3)
  A water moccasin (shapeshifter) (Elf:2)
  A centaur (D:14)
  A bush (Lair:5)
  17 fungi
  106 plants
  7 tentacles (Shoals:2)
  11 withered plants
150 creatures vanquished.

Grand Total: 2039 creatures vanquished

Notes
Turn   | Place    | Note
-------+----------+-------------------------------------------
     0 | D:1      | Flure the Kobold Brigand began the quest for the Orb.
     0 | D:1      | Reached XP level 1. HP: 12/12 MP: 1/1
   213 | D:1      | Reached XP level 2. HP: 18/18 MP: 2/2
   340 | D:1      | Reached XP level 3. HP: 18/22 MP: 3/3
  1082 | D:2      | Reached XP level 4. HP: 27/27 MP: 4/4
  1382 | D:2      | Found Ziwkarph's Weapon Shop.
  1680 | D:3      | Noticed Sigmund
  1714 | D:3      | Killed Sigmund
  1715 | D:3      | Reached skill level 5 in Short Blades
  1715 | D:3      | Reached skill level 6 in Stealth
  1715 | D:3      | Reached XP level 5. HP: 32/32 MP: 5/5
  1715 | D:3      | Reached XP level 6. HP: 37/37 MP: 6/6
  1760 | D:3      | Found a faded altar of an unknown god.
  1938 | D:3      | Found a glowing drain.
  1982 | Sewer    | Entered a sewer
  2701 | Sewer    | Reached XP level 7. HP: 41/41 MP: 7/7
  3706 | Sewer    | Reached skill level 7 in Stealth
  4206 | D:3      | Found a hazy altar of Hepliaklqana.
  4375 | D:3      | Found an ornate altar of the Wu Jian Council.
  4556 | D:4      | Found Agogir Eting's Antique Weapon Boutique.
  4700 | D:4      | Found a transporter.
  4728 | D:4      | Found a transporter.
  4728 | D:4      | Noticed testlala's ghost (amateur FeWr)
  4844 | D:4      | Found a staircase to the Ecumenical Temple.
  4850 | Temple   | Entered the Ecumenical Temple
  4868 | Temple   | Became a worshipper of Dithmenos the Shadowed
  4921 | D:4      | Found a sparkling altar of Nemelex Xobeh.
  4969 | D:4      | Reached XP level 8. HP: 48/48 MP: 8/8
  5083 | D:4      | Found a glowing silver altar of Zin.
  5179 | D:4      | Killed testlala's ghost
  5391 | D:5      | Entered Level 5 of the Dungeon
  5402 | D:5      | Reached skill level 8 in Stealth
  5448 | D:5      | Noticed a two-headed ogre
  5454 | D:5      | Killed a two-headed ogre
  5455 | D:5      | Reached skill level 9 in Stealth
  5455 | D:5      | Reached XP level 9. HP: 52/52 MP: 9/9
  5569 | D:5      | Reached skill level 10 in Short Blades
  5759 | D:5      | Identified the +1 leather armour of Qulirora {rElec rPois
                  | rF- Regen+}
  6040 | D:5      | Reached * piety under Dithmenos
  6342 | D:6      | Found a sand-covered staircase.
  6347 | Ossuary  | Entered an ossuary
  6578 | Ossuary  | Reached skill level 10 in Stealth
  6662 | Ossuary  | Reached ** piety under Dithmenos
  6677 | Ossuary  | Reached XP level 10. HP: 35/56 MP: 7/10
  6887 | D:6      | Found Asseurgh's Armour Shoppe.
  6892 | D:6      | Bought a +2 pair of boots of flying for 236 gold pieces
  7167 | D:6      | Reached skill level 1 in Invocations
  7172 | D:6      | Reached skill level 1 in Spellcasting
  7259 | D:6      | Noticed Menkaure
  7263 | D:6      | Killed Menkaure
  7349 | D:6      | Reached skill level 11 in Stealth
  7773 | D:7      | Noticed Prince Ribbit
  7777 | D:7      | Killed Prince Ribbit
  7839 | D:7      | Found a white marble altar of Elyvilon.
  7842 | D:7      | Found an ancient bone altar of Kikubaaqudgha.
  7867 | D:7      | Reached *** piety under Dithmenos
  8079 | D:7      | Reached skill level 5 in Fighting
  8872 | D:8      | Reached XP level 11. HP: 54/64 MP: 12/15
  9164 | D:9      | Found a staircase to the Lair.
  9182 | D:9      | Found a transporter.
  9183 | D:9      | Found a transporter.
  9188 | D:9      | Noticed a two-headed ogre
  9206 | D:8      | Reached skill level 12 in Stealth
  9224 | D:9      | Killed a two-headed ogre
  9225 | D:9      | Reached skill level 1 in Shields
  9225 | D:9      | Reached skill level 1 in Evocations
  9401 | D:9      | Found a transporter.
  9599 | D:9      | Found a transporter.
  9841 | D:10     | Entered Level 10 of the Dungeon
  9854 | D:10     | Reached **** piety under Dithmenos
  9916 | D:10     | Found a radiant altar of Vehumet.
  9917 | D:10     | Found a glowing golden altar of the Shining One.
  9921 | D:10     | Found a basalt altar of Yredelemnul.
  9942 | D:10     | Found an opulent altar of Gozag.
  9944 | D:10     | Found a shimmering blue altar of Sif Muna.
 10767 | D:11     | Reached skill level 13 in Stealth
 10992 | D:11     | You are sucked into a shaft and drop 3 floors!
 11019 | D:14     | Identified Roxanne's Omnibus of the Boulder
 11019 | D:14     | Noticed Roxanne
 11099 | D:14     | Noticed a manticore
 11113 | D:14     | Killed a manticore
 11159 | D:15     | Entered Level 15 of the Dungeon
 11220 | D:14     | Noticed a centaur warrior
 11228 | D:14     | Killed a centaur warrior
 11229 | D:14     | Reached XP level 12. HP: 67/71 MP: 14/18
 11308 | D:13     | Found Paecuax's Antique Armour Boutique.
 11439 | D:12     | Noticed Snorg
 11443 | D:12     | Killed Snorg
 11444 | D:12     | Reached skill level 10 in Dodging
 11453 | D:11     | Noticed a six-headed hydra
 11457 | D:11     | Killed a six-headed hydra
 11496 | D:11     | Reached skill level 14 in Stealth
 11626 | D:11     | Found Kated's Assorted Antiques.
 11660 | D:11     | Bought a brown potion for 25 gold pieces
 11660 | D:11     | Bought a scroll labelled NALAAV FUAJIUC for 28 gold pieces
 11660 | D:11     | Bought a viscous silvery potion for 25 gold pieces
 11660 | D:11     | Bought a dark potion for 25 gold pieces
 12117 | D:12     | Reached ***** piety under Dithmenos
 12187 | D:12     | Noticed a five-headed hydra
 12589 | D:12     | Noticed a five-headed hydra
 12596 | D:12     | Killed a five-headed hydra
 12694 | D:12     | Killed a five-headed hydra
 12695 | D:12     | Reached skill level 5 in Shields
 12695 | D:12     | Reached skill level 5 in Evocations
 13013 | D:12     | Found a staircase to the Orcish Mines.
 13141 | Lair:1   | Entered Level 1 of the Lair of Beasts
 13285 | Lair:1   | Reached skill level 15 in Stealth
 13377 | Lair:1   | Reached XP level 13. HP: 78/78 MP: 19/19
 13406 | Lair:1   | You are sucked into a shaft and drop 1 floor!
 13633 | Lair:1   | Reached skill level 16 in Stealth
 14046 | Lair:2   | Noticed a four-headed hydra
 14066 | Lair:2   | Killed a four-headed hydra
 14185 | Lair:2   | Reached skill level 17 in Stealth
 14463 | Lair:2   | Found a staircase to the Shoals.
 14470 | Lair:2   | Reached ****** piety under Dithmenos
 14664 | Lair:3   | Found a hole to the Spider Nest.
 14686 | Lair:3   | Noticed a seven-headed hydra
 14689 | Lair:3   | Killed a seven-headed hydra
 14900 | Lair:3   | Reached skill level 18 in Stealth
 14906 | Lair:3   | Reached XP level 14. HP: 56/87 MP: 12/20
 14980 | Lair:3   | Reached skill level 10 in Fighting
 16052 | Lair:4   | Found a viscous altar of Jiyva.
 16053 | Lair:4   | Found a staircase to the Slime Pits.
 16332 | Lair:4   | Noticed Sonja
 16336 | Lair:4   | Killed Sonja
 17133 | Lair:5   | Entered Level 5 of the Lair of Beasts
 17225 | Lair:5   | Reached skill level 19 in Stealth
 17768 | Lair:5   | Reached skill level 20 in Stealth
 18205 | Lair:5   | Reached XP level 15. HP: 74/95 MP: 15/21
 19194 | Orc:1    | Entered Level 1 of the Orcish Mines
 19626 | Orc:2    | Entered Level 2 of the Orcish Mines
 19638 | Orc:2    | Found a gate leading to a gauntlet.
 19644 | Gauntlet | Entered a Gauntlet
 19669 | Gauntlet | Found a large runed translucent door.
 19672 | Gauntlet | Found a large runed translucent door.
 19684 | Gauntlet | Found a transporter.
 19734 | Gauntlet | Found a transporter.
 19748 | Gauntlet | Found a transporter.
 19783 | Gauntlet | Found a large runed translucent door.
 19784 | Gauntlet | Found a large runed translucent door.
 19785 | Gauntlet | Found a large runed translucent door.
 19785 | Gauntlet | Found a large runed translucent door.
 19786 | Gauntlet | Found a large runed translucent door.
 19787 | Gauntlet | Found a large runed translucent door.
 19788 | Gauntlet | Found a large runed translucent door.
 19788 | Gauntlet | Found a large runed translucent door.
 19797 | Gauntlet | Found a runed translucent gate.
 19798 | Gauntlet | Found a transporter.
 19798 | Gauntlet | Found a runed translucent gate.
 19799 | Gauntlet | Found a runed translucent gate.
 19808 | Gauntlet | Found a large runed translucent door.
 19809 | Gauntlet | Found a large runed translucent door.
 19810 | Gauntlet | Found a large runed translucent door.
 19811 | Gauntlet | Found a large runed translucent door.
 19812 | Gauntlet | Found a large runed translucent door.
 19813 | Gauntlet | Found a large runed translucent door.
 19819 | Gauntlet | Found a runed translucent door.
 19834 | Gauntlet | Found a transporter.
 19834 | Gauntlet | Found a transporter.
 19886 | Gauntlet | Found a transporter.
 19890 | Gauntlet | Found a transporter.
 19895 | Gauntlet | Found a transporter.
 19933 | Gauntlet | Found a transporter.
 19950 | Gauntlet | Reached skill level 21 in Stealth
 19991 | Gauntlet | Identified the ring "Riovinuc" {rF+ rCorr Str-5 Dex+4 SInv}
 20105 | Gauntlet | Identified the +1 pair of boots of Vanity {Will+}
 20105 | Gauntlet | Identified the +0 rapier of Purpose {flame, rF+ Dex+2
                  | Stlth-}
 20105 | Gauntlet | Identified the +2 rapier "Grim" {elec, rN+}
 20513 | Orc:2    | Found a staircase to the Elven Halls.
 20691 | Orc:2    | Found Fuddyoll's Self-Improvement Boutique.
 21213 | Orc:2    | Found Vilyxock's Antique Armour Emporium.
 21214 | Orc:2    | Found Pugri's General Store.
 21215 | Orc:2    | Found Zyenar's Jewellery Emporium.
 21215 | Orc:2    | Found Ekhlik's Armour Emporium.
 21237 | Orc:2    | Bought a scroll of silence for 123 gold pieces
 21666 | D:13     | Noticed Frances
 21668 | D:13     | Killed Frances
 21669 | D:13     | Reached skill level 22 in Stealth
 21807 | D:13     | Identified a scroll of acquirement
 21838 | D:13     | Noticed Erolcha
 21842 | D:13     | Killed Erolcha
 22571 | D:13     | Bought a heavily jewelled robe for 222 gold pieces
 22571 | D:13     | Identified the +1 robe of the Tick {Int+2 Dex+3} (You
                  | bought it in a shop on level 13 of the Dungeon)
 22571 | D:13     | Bought a shimmering ring mail for 351 gold pieces
 22571 | D:13     | Identified the +5 ring mail of Jaliekenedd {*Slow Will+++
                  | Dex+2} (You bought it in a shop on level 13 of the Dungeon)
 22571 | D:13     | Bought a fading ring mail for 351 gold pieces
 22571 | D:13     | Identified the +1 ring mail "Puokh" {Harm} (You bought it
                  | in a shop on level 13 of the Dungeon)
 22656 | D:14     | Identified the -1 pair of boots of Kima {Harm rF+ Str-3
                  | Int+4}
 22693 | D:14     | Reached XP level 16. HP: 89/103 MP: 18/22
 22710 | D:14     | Noticed Azrael
 22721 | D:14     | Killed Azrael
 22862 | D:14     | Reached skill level 15 in Dodging
 23181 | D:14     | Noticed Nessos
 23185 | D:14     | Killed Nessos
 23450 | D:14     | Found a gate to the Vaults.
 23814 | D:15     | Reached skill level 10 in Evocations
 24228 | D:15     | Found a staircase to the Depths.
 24833 | Lair:1   | Acquired a +7 quick blade
 24904 | Spider:1 | Entered Level 1 of the Spider Nest
 24916 | Spider:1 | Learned a level 2 spell: Passwall
 25099 | Spider:1 | Reached skill level 1 in Transmutations
 25099 | Spider:1 | Reached skill level 1 in Earth Magic
 25791 | Spider:1 | Noticed Rupert
 25802 | Spider:1 | Killed Rupert
 26198 | Spider:2 | Reached XP level 17. HP: 102/109 MP: 18/23
 26204 | Spider:2 | Reached skill level 23 in Stealth
 27107 | Spider:3 | Noticed Xuutinte's ghost (adept MiBe)
 27107 | Spider:3 | Found a runed translucent door.
 27897 | Spider:3 | Killed Xuutinte's ghost
 27898 | Spider:3 | Reached skill level 5 in Transmutations
 27951 | Spider:4 | Entered Level 4 of the Spider Nest
 27990 | Spider:4 | Reached skill level 5 in Earth Magic
 28228 | Spider:4 | Noticed Agnes
 28235 | Spider:4 | Killed Agnes
 28267 | Spider:4 | Reached skill level 5 in Invocations
 28537 | Spider:4 | Reached XP level 18. HP: 105/118 MP: 20/24
 28861 | Spider:4 | Reached skill level 15 in Fighting
 29580 | Spider:4 | Got a gossamer rune of Zot
 29785 | Shoals:1 | Entered Level 1 of the Shoals
 30196 | Shoals:1 | Found Emigh's Armour Shoppe.
 31202 | Shoals:2 | Noticed a kraken
 31224 | Shoals:2 | Killed a kraken
 31612 | Shoals:2 | Identified the +0 robe of Festooned Leaves {Dex+4}
 31838 | Shoals:2 | Noticed a kraken
 31848 | Shoals:2 | Killed a kraken
 32004 | Shoals:3 | Found a frozen archway.
 32010 | IceCv    | Entered an ice cave
 32139 | IceCv    | Reached skill level 5 in Throwing
 32403 | IceCv    | Reached XP level 19. HP: 52/125 MP: 5/25
 32542 | IceCv    | Got the Dissertation on the Snowflakes
 33497 | Shoals:3 | Noticed Kirke
 33502 | Shoals:3 | Killed Kirke
 33805 | Shoals:4 | Entered Level 4 of the Shoals
 33989 | Shoals:4 | Got a barnacled rune of Zot
 34415 | Shoals:4 | Identified the +9 shortbow of Success {freeze, Drain *Slow
                  | rPois Will+++}
 34870 | Shoals:4 | Found a runed translucent gate.
 34870 | Shoals:4 | Found a runed translucent gate.
 34870 | Shoals:4 | Found a runed translucent gate.
 35165 | Shoals:4 | Identified the +3 cloak "Cilali" {Rampage rElec Str-3
                  | Dex+4}
 35166 | Shoals:4 | Identified the +1 cloak "Guideggu" {rF+ rCorr Str-5 Stlth+}
 35762 | Orc:2    | Bought the amulet of Irocs {Faith rElec Will+ rCorr} for
                  | 847 gold pieces
 35779 | Orc:2    | Bought 3 silver boomerangs for 58 gold pieces
 35870 | Elf:1    | Entered Level 1 of the Elven Halls
 35927 | Elf:1    | Reached XP level 20. HP: 134/134 MP: 26/26
 36102 | Elf:1    | Found a runed translucent door.
 36418 | Elf:1    | Got the Encyclopedia of Malignant Secrets
 36432 | Elf:1    | Noticed Jorgrun
 36441 | Elf:1    | Killed Jorgrun
 36888 | Elf:2    | Found Ankoin's Magic Scroll Boutique.
 36888 | Elf:2    | Found Zaddent's Distillery.
 36891 | Elf:2    | Found Pudgheonu's Weapon Boutique.
 36894 | Elf:2    | Bought a scroll of acquirement for 572 gold pieces
 37027 | Elf:2    | Paralysed by an air elemental for 1 turns
 37068 | Elf:2    | Found a runed translucent gate.
 37069 | Elf:2    | Found a runed translucent gate.
 37070 | Elf:2    | Found a runed translucent gate.
 37104 | Elf:2    | Identified the +5 war axe of Ebapunu {flame, Int+4}
 37109 | Elf:2    | Found Catuabie's Distillery.
 37206 | Elf:2    | Noticed a Brimstone Fiend
 37293 | Elf:2    | Found a huge runed translucent gate.
 37293 | Elf:2    | Found a huge runed translucent gate.
 37293 | Elf:2    | Found a huge runed translucent gate.
 37293 | Elf:2    | Found a huge runed translucent gate.
 37294 | Elf:2    | Found a huge runed translucent gate.
 37294 | Elf:2    | Found a huge runed translucent gate.
 37352 | Elf:2    | Found a huge runed translucent gate.
 37353 | Elf:2    | Found a huge runed translucent gate.
 37969 | Elf:3    | Entered Level 3 of the Elven Halls
 38178 | Elf:3    | Paralysed by an air elemental for 1 turns
 38217 | Elf:3    | Reached XP level 21. HP: 143/143 MP: 27/27
 39146 | Elf:3    | Reached skill level 15 in Evocations
 39168 | Elf:3    | Identified the +12 trident of Conversion {venom, rC- Int+9}
 39191 | Elf:3    | Identified the +1 morningstar of Duty {vorpal, rPois}
 39197 | Elf:3    | Identified the +0 chain mail of the Watermelon {Int+3 SInv}
 39203 | Elf:3    | Identified the +3 trident "Jelly's Funeral" {freeze, rF+}
 39240 | Elf:3    | Identified the +6 scale mail of Optimism {rElec MP+9}
 39573 | Vaults:1 | Entered Level 1 of the Vaults
 40238 | Vaults:1 | Identified the ring "Hacienu" {Fly Dex+3}
 41168 | Vaults:2 | Noticed Frederick
 41170 | Vaults:2 | Killed Frederick
 41627 | Vaults:2 | Reached XP level 22. HP: 153/153 MP: 28/28
 42676 | Vaults:3 | Found Nirurimm's General Store.
 42828 | Vaults:3 | Noticed Asterion
 42830 | Vaults:3 | Killed Asterion
 42856 | Vaults:3 | Noticed Boris
 42858 | Vaults:3 | Killed Boris
 42859 | Vaults:3 | Found Iduex's Antique Armour Shoppe.
 42883 | Vaults:3 | Bought a colourful robe for 216 gold pieces
 42883 | Vaults:3 | Identified the +1 robe "Dekacsue" {rElec rC- Int+2} (You
                  | bought it in a shop on level 3 of the Vaults)
 42899 | Vaults:3 | Found Diys's Magic Scroll Emporium.
 43031 | Vaults:3 | Noticed Margery
 43035 | Vaults:3 | Killed Margery
 43061 | Vaults:3 | Identified the +3 arbalest "Kaskung" {penet, Dex+2}
 43550 | Vaults:3 | Found a staircase to the Crypt.
 43646 | Vaults:3 | Noticed Zenata
 43648 | Vaults:3 | Killed Zenata
 43716 | Vaults:3 | Found the +18 shield of the Gong {rElec rN+ Will+ EV-5}
 44648 | Vaults:4 | Noticed a golden dragon
 44667 | Vaults:4 | Killed a golden dragon
 44668 | Vaults:4 | Reached XP level 23. HP: 122/162 MP: 29/29
 45234 | Vaults:4 | Acquired the +1 pair of gloves "Saocw" {Fly rPois rF++
                  | Dex-2}
 45424 | Vaults:4 | Noticed Sojobo
 45446 | Vaults:4 | Killed Sojobo
 45900 | Vaults:1 | Acquired the ring of Eshrefret {*Slow rPois Str+6 Dex+10}
 46022 | D:14     | Killed Roxanne
 46104 | Depths:1 | Entered Level 1 of the Depths
 46379 | Orc:2    | Bought a manual of Stealth for 1120 gold pieces
 47077 | Depths:1 | Found a gateway to Hell.
 47109 | Depths:1 | Reached skill level 24 in Stealth
 47124 | Depths:1 | Identified the +5 demon whip of Mordant Defiance {pain,
                  | rN++}
 47242 | Depths:1 | Found a hazy altar of Hepliaklqana.
 47736 | Depths:1 | Identified the +1 quarterstaff "Ziecros" {vorpal, Fly}
 47956 | Depths:2 | Found a white marble altar of Elyvilon.
 48008 | Depths:2 | Noticed Mara
 48076 | Depths:2 | Killed Mara
 48077 | Depths:2 | Reached XP level 24. HP: 170/172 MP: 29/29
 48370 | Depths:2 | Reached skill level 25 in Stealth
 48372 | Depths:2 | Noticed a caustic shrike
 48381 | Depths:2 | Killed a caustic shrike
 48390 | Depths:2 | Identified the ring of Atwol {Int+6 Slay+2}
 48475 | Depths:2 | Found a one-way gate leading to the halls of Pandemonium.
 48868 | Depths:2 | Identified the +1 robe of Fallacy {rElec}
 49214 | Depths:3 | Noticed a golden dragon
 49216 | Depths:3 | Killed a golden dragon
 49372 | Depths:3 | Found a one-way gate to the infinite horrors of the Abyss.
 49393 | Depths:3 | Reached skill level 26 in Stealth
 49492 | Depths:3 | Identified the ring of Dykhlef {rF+++ Will- rCorr Dex-3
                  | SInv}
 49624 | Depths:3 | Noticed a golden dragon
 49653 | Depths:3 | Killed a golden dragon
 49711 | Depths:3 | Found Ytiluz's Weapon Shop.
 50150 | Depths:3 | Found a one-way gateway to a ziggurat.
 50389 | Depths:4 | Entered Level 4 of the Depths
 50936 | Depths:3 | Reached skill level 27 in Stealth
 51330 | Depths:4 | Found a gate to the Realm of Zot.
 51330 | Depths:4 | Noticed a golden dragon
 51333 | Depths:4 | Reached XP level 25. HP: 160/168 MP: 29/29
 51348 | Depths:4 | Reached skill level 10 in Shields
 51886 | Depths:4 | Upgraded the game from 0.29.0-13-gc9e81de378 to
                  | 0.29.0-15-g675c0067aa
 52187 | Slime:1  | Entered Level 1 of the Pits of Slime
 53365 | Slime:5  | Entered Level 5 of the Pits of Slime
 53730 | Slime:5  | Gained mutation: You are clumsy. (Dex -2) [a shining eye]
 53781 | Slime:5  | Found the +9 scales of the Dragon King {rPois rF+ rC+
                  | Will+}
 53783 | Slime:5  | Noticed the Royal Jelly
 53784 | Slime:5  | Found a viscous altar of Jiyva.
 53787 | Slime:5  | Killed the Royal Jelly
 53791 | Slime:5  | Identified the +0 troll leather armour "Lotu" {Regen+
                  | Stlth+}
 53793 | Slime:5  | Identified the +2 short sword "Iroaplah" {elec, Will+
                  | rCorr}
 53794 | Slime:5  | Mangled by a rockslime

Illustrated notes

Levels and vault maps discovered:
D:1:      minmay_arrival_four_houses, layout_loops_ring, minmay_pentomino_x2
D:2:      layout_rooms, serial_shops, nicolae_shop_bloodbath_and_beyond
D:3:      layout_rooms, mainiacjoe_overflow_alcove_1, nzn_wu_jian_council_hall,
          portal_sewer_entry_d, ebering_ecumenical_altar_hall, st_stairs_3,
          uniq_sigmund
D:4:      layout_cave_pools, zin_statuary, amcnicky_altar_gilded,
          minmay_temple_entry_ruins, gammafunk_ghost_arena, serial_shops, shop,
          minmay_box_of_dots
D:5:      cheibrodos_helix_gallery, layout_basic
D:6:      layout_loops_cross, nicolae_ossuary_entry_plus, serial_shops, shop,
          minmay_manual_mail, uniq_menkaure
D:7:      layout_basic, jmf_multi_god_temple, uniq_prince_ribbit1
D:8:      layout_basic
D:9:      layout_big_octagon, lair_entry_dummy, nicolae_diode_quadrants
D:10:     layout_loops_ring, grunt_temple_overflow_open, patterned_corridor
D:11:     layout_rooms, serial_shops, nicolae_inconvenience_store,
          glass_columns_a, minmay_statues_item
D:12:     layout_basic, hiddenorc1_lemuel, uniq_snorg
D:13:     layout_irregular_city, serial_shops, nicolae_stop_n_shop_1,
          abandoned_shop, uniq_erolcha, uniq_frances
D:14:     layout_cave_pods, david_vaults_1, nrook_mini_vaults, uniq_azrael,
          uniq_roxanne, uniq_nessos
D:15:     gammafunk_depths_entry_grave, layout_loops_ring, elves_outpost_lemuel
Temple:   chequers_temple_sunken
Lair:1:   layout_hall_layers
Lair:2:   layout_cave_shapes, elwin_shoals_entry_rocks,
          infiniplex_staircase_pool, grunt_megastairs_2
Lair:3:   layout_regular_city, spider_nest_entry_webs,
          dreamdust_mushroom_princess, grunt_megastairs_4, serial_bayou_shore_b
Lair:4:   layout_layer_cave, dpeg_slime_entry_enclosed, special_room
          [special_room_bee], uniq_sonja
Lair:5:   minmay_lair_end_enchanted_forest, layout_cave_pods, serial_bayou,
          serial_bayou_pond_d, serial_bayou_pond_d, serial_bayou_lake_a,
          serial_bayou_pond_b, lemuel_fruit_fields
Shoals:1: layout_shoals, serial_shops, nicolae_shop_hallway_plus
Shoals:2: layout_shoals
Shoals:3: layout_shoals, portal_ice_cave_entry_pillars_four, uniq_kirke
Shoals:4: shoals_end_grunt_ice, layout_shoals, gammafunk_ghost_tricky_traps
Spider:1: layout_chambers, uniq_rupert
Spider:2: layout_spider_delve
Spider:3: layout_spider_delve, hellmonk_ghost_happy_afterlife
Spider:4: grunt_spider_rune_circles, uniq_agnes
Slime:1:  layout_caves
Slime:2:  cheibrodos_slime_lost_civilization_10, layout_caves
Slime:3:  layout_caves
Slime:4:  layout_caves
Slime:5
Orc:1:    layout_caves, serial_shops, mines2_lemuel
Orc:2:    st_orc_pillars, layout_diamond_mine, gauntlet_entry_generic,
          nicolae_shop_self_help
Elf:1:    layout_loops_cross, minmay_elf_necromancy, nicolae_danse_macabre,
          uniq_jorgrun
Elf:2:    elven_hall_of_blades_hangedman_original [mumra_blade_entry_bloodbath],
          layout_rooms, serial_shops, shop,
          nicolae_elf_double_double_double_trouble, minmay_shop_star
Elf:3:    minmay_elf_hall_statues, layout_gridlike,
          nicolae_elf_glassroom_feature
Vaults:1: vaults_mumra_chevron_long, v_pattern_4,
          nicolae_vaults_big_angled_halls, nicolae_vaults_theta,
          nicolae_vaults_shelves_hall, ontoclasm_vaults_hangar,
          nicolae_vaults_little_squares_3, vaults_room_stairs_pillars,
          layout_vaults_omnigrid
Vaults:2: v_misc_22, grunt_vaults_hallway_long, v_misc_5, st_more_cells,
          nicolae_vaults_little_squares_1, layout_vaults_chaotic_city,
          uniq_frederick
Vaults:3: minmay_crypt_entry_simple_plaza, hangedman_vaults_stitches,
          nicolae_vaults_theta, v_misc_30, vaults_room_stairs_pillars,
          grunt_vaults_focal, ontoclasm_vaults_chip, vaults_dpeg_ring,
          hellmonk_guarded_unrand_gong, nicolae_vaults_yaktaur_gun_rack,
          v_misc_22, v_misc_27, hangedman_vaults_maws, vaults_room_pool,
          layout_vaults_omnibox, serial_shops, shop, shop_statue,
          nicolae_lakefront_shop, uniq_margery, uniq_asterion, uniq_zenata,
          uniq_boris
Vaults:4: vaults_room_semicircle, nicolae_vaults_good_morning_starshine,
          v_rooms_1, ontoclasm_vaults_shuriken, nicolae_vaults_network_s,
          v_misc_14, dpeg_vaults_monster_row, v_misc_31, v_misc_28,
          nicolae_vaults_what_the_h, hangedman_vaults_impose,
          layout_vaults_maze_bifur, uniq_sojobo
Depths:1: layout_basic, hellmouth_2, minmay_misc_feat_five,
          nicolae_hepliaklqana_hazy_memory, firewood_loft
Depths:2: minmay_swirls_squares, layout_small_grid, elyvilon_altar_5, pan_entry,
          hell_entry, uniq_mara
Depths:3: hangedman_cross_stitches, layout_basic, enter_ziggurat_d, abyss_entry,
          serial_shops, nicolae_shop_crystal, hangedman_coc_ice_floe
Depths:4: grunt_zot_entry_tricorne, layout_gridlike, serial_shops,
          bzr_entry_gold, hell_entry

Skill      XL: |  1  2  3  4  5  6  7  8  9 10 11 12 13 14 15 16 17 18 19 20 21 22 23 24 25 |
---------------+----------------------------------------------------------------------------+-----
Short Blades   | 3 5 7 9 11 12 | 12.0
Dodging        | 2 3 4 6 7 8 9 10 12 13 14 15 17 18 19 20 | 20.0
Fighting       | 3 4 5 6 8 9 11 12 13 14 16 17 19 20 22 23 24 25 | 25.0
Throwing       | 3 4 5 9 |  9.0
Stealth        | 6 7 9 10 11 13 15 18 20 22 23 24 27 | 27.0
Invocations    | 3 4 5 7 9 |  9.4
Spellcasting   | 3 4 |  4.0
Shields        | 3 5 6 7 9 11 | 11.5
Evocations     | 3 5 8 11 14 16 19 20 | 20.1
Transmutations | 1 5 6 7 |  7.0
Earth Magic    | 1 5 8 |  8.0

Action                   |  1- 3 |  4- 6 |  7- 9 | 10-12 | 13-15 | 16-18 | 19-21 | 22-24 | 25-27 || total
-------------------------+-------+-------+-------+-------+-------+-------+-------+-------+-------++-------
Melee: Dagger            |    69 |   121 |   149 |       |       |       |       |       |       ||   339
       Short sword       |       |       |   162 |   475 |  1095 |   244 |       |       |       ||  1976
       Punch             |       |       |     5 |     7 |       |       |       |       |       ||    12
       Quick blade       |       |       |       |       |       |   983 |  1011 |  1340 |   367 ||  3701
       Rapier            |       |       |       |       |       |       |   112 |       |    57 ||   169
Throw: Dart              |       |     5 |    15 |     6 |    36 |    63 |     9 |    10 |       ||   144
       Stone             |       |     4 |    41 |     6 |     1 |       |       |       |       ||    52
       Boomerang         |       |       |       |     3 |    45 |     3 |    35 |     3 |     1 ||    90
       Throwing net      |       |       |       |       |       |     1 |     1 |     8 |     4 ||    14
 Cast: Passwall          |       |       |       |       |       |    12 |    22 |    16 |     2 ||    52
Invok: Shadow Step       |       |       |       |       |     5 |     8 |    10 |    20 |     3 ||    46
 Abil: Evoke Invisibilit |       |       |       |       |       |       |     4 |     5 |       ||     9
Evoke: Wand              |       |       |       |     2 |    17 |    11 |    18 |     9 |     1 ||    58
       Condenser vane    |       |       |       |       |     2 |       |     3 |     4 |     1 ||    10
       Tin of tremorston |       |       |       |       |       |       |       |     1 |     1 ||     2
       Lightning rod     |       |       |       |       |       |       |       |     1 |     1 ||     2
       Phantom mirror    |       |       |       |       |       |       |       |     1 |       ||     1
  Use: Potion            |       |     1 |     1 |     2 |     1 |     2 |     6 |     4 |     2 ||    19
       Scroll            |       |       |    12 |    12 |    15 |    11 |     8 |     4 |     1 ||    63
 Stab: Sleeping          |    18 |    19 |    30 |    45 |    80 |   146 |   124 |   168 |    79 ||   709
       Distracted        |       |       |     1 |     8 |     9 |    10 |    22 |    16 |     2 ||    68
       Paralysed         |       |       |       |       |     2 |     2 |     1 |       |     1 ||     6
       Held in net/web   |       |       |       |       |       |     3 |     3 |     7 |       ||    13
       Invisible         |       |       |       |       |       |       |    37 |    31 |       ||    68
Armor: Robe              |    12 |     9 |    18 |       |       |       |       |       |       ||    39
       Skin              |       |       |     3 |       |       |       |       |       |       ||     3
       Leather armour    |       |       |     2 |    26 |   103 |    61 |     5 |       |       ||   197
       Troll leather arm |       |       |       |       |     6 |    13 |    33 |    52 |    19 ||   123
Dodge: Dodged            |    45 |    52 |   161 |   353 |   874 |   781 |   598 |   658 |   213 ||  3735
Block: Buckler           |       |       |       |     8 |   319 |   324 |   224 |   258 |    84 ||  1217
